 Dungeon Crawl Stone Soup version 0.20-a0 (console) character file.

13 brucemayne the Chopper (level 2, -2/24 HPs)
             Began as a Demonspawn Berserker on Oct 27, 2016.
             Was a Follower of Trog.
             Slain by a jackal (3 damage)
             ... on level 3 of the Dungeon.
             The game lasted 00:01:03 (229 turns).

brucemayne the Chopper (Demonspawn Berserker)        Turns: 229, Time: 00:01:04

Health: -2/24      AC:  2    Str: 17    XL:     2   Next: 24%
Magic:  2/2        EV: 12    Int:  8    God:    Trog [*.....]
Gold:   0          SH:  0    Dex: 14    Spells: 0 memorised, 1 level left

rFire  . . .     SeeInvis .     a - +0 hand axe
rCold  . . .     Gourm    .     b - +0 animal skin
rNeg   . . .     Faith    .     (no shield)
rPois  .         Spirit   .     (no helmet)
rElec  .         Reflect  .     (no cloak)
rCorr  .         Harm     .     (no gloves)
MR     .....                    (no boots)
Stlth  +.........               (no amulet)
                                (no ring)
                                (no ring)

@: confused, exhausted, slowed, very slow
A: thin skeletal structure 1
a: Berserk, Burn Spellbooks, Renounce Religion


You were on level 3 of the Dungeon.
You worshipped Trog.
Trog was aware of your devotion.
You were not hungry.

You visited 1 branch of the dungeon, and saw 3 of its levels.

Inventory:

Hand Weapons
 a - a +0 hand axe (weapon)
Armour
 b - a +0 animal skin (worn)
Scrolls
 g - a scroll of fear {unknown}
 i - a scroll of recharging {unknown}
Potions
 d - 3 potions of curing {unknown}
 e - 2 potions of degeneration {unknown}
 f - a potion of mutation {unknown}
Comestibles
 c - a bread ration
 h - a chunk of flesh


   Skills:
 - Level 3.0 Fighting
 + Level 3.3 Axes
 - Level 1.7 Armour
 - Level 1.7 Dodging


You had one spell level left.
You didn't know any spells.

Dungeon Overview and Level Annotations

Branches:
Dungeon (3/15)

Altars:

Annotations:
D:3 Sigmund


Innate Abilities, Weirdness & Mutations

You have a somewhat thin skeletal structure. (Dex +2, Stealth)


Message History

The adder barely misses you. The jackal barely misses you.
Unknown command.
Sigmund closely misses you. The jackal closely misses you.
Unknown command.
You feel a strong urge to attack something.
The jackal barely misses you.
Unknown command.
You are no longer berserk.
You are exhausted.
You feel yourself slow down. The adder completely misses you.
Sigmund misses you. The jackal bites you.
* * * LOW HITPOINT WARNING * * *
Unknown command.
You barely miss Sigmund.
Sigmund is moderately wounded.
You hit the dart slug. You hit the jackal. You barely miss the adder.
The adder bites you.
* * * LOW HITPOINT WARNING * * *
The jackal bites you.
You die...

#.##.# ... ##..#.#####..
.#<.........#
#............#
#.#...%......# .#
##............# ..#
#g.#..........# #.#
#h##....g@@.%.#
..#####.##.....whS..# #
##....##....†.....#
###..##.....%.##..#..#
........#########.......
.###...## ###...## ##
#...# ##..# #...# ...#
#..... ###


You could see Sigmund, an adder, a dart slug, a jackal and a hobgoblin.

Vanquished Creatures
  A ball python (D:3)
  A giant cockroach (D:2)
  3 jackals (D:3)
  A bat (D:3)
  A frilled lizard (D:2)
  A goblin (D:3)
  3 kobolds (D:1)
  2 rats (D:3)
13 creatures vanquished.

Notes
Turn   | Place    | Note
-------+----------+-------------------------------------------
     0 | D:1      | brucemayne the Demonspawn Berserker began the quest for the Orb.
     0 | D:1      | Reached XP level 1. HP: 18/18 MP: 1/1
     2 | D:1      | Noticed a vampire
     4 | D:1      | Noticed a human
     4 | D:1      | Noticed a naga
     6 | D:1      | Noticed a felid
     6 | D:1      | Noticed a formicid
     8 | D:1      | Noticed a dwarf
     8 | D:1      | Noticed a centaur
    10 | D:1      | Noticed a ghoul
    12 | D:1      | Noticed a demonspawn
    12 | D:1      | Noticed a troll
    14 | D:1      | Noticed a halfling
    14 | D:1      | Noticed a gargoyle
    16 | D:1      | Noticed a tengu
    16 | D:1      | Noticed a minotaur
    18 | D:1      | Noticed a draconian
    18 | D:1      | Noticed a demigod
    20 | D:1      | Noticed a spriggan
    20 | D:1      | Noticed an octopode
    24 | D:1      | Noticed a merfolk
    24 | D:1      | Noticed an elf
    26 | D:1      | Noticed a vine stalker
    26 | D:1      | Noticed an ogre
   196 | D:3      | Gained mutation: You have a somewhat thin skeletal structure. (Dex +2, Stealth) [demonic ancestry]
   196 | D:3      | Reached XP level 2. HP: 14/24 MP: 2/2
   213 | D:3      | Noticed Sigmund
   229 | D:3      | HP: 1/24 [adder (1)]
   229 | D:3      | Slain by a jackal

Vault maps used:
D:1:      kb_arrival_jail, serial_forest, infiniplex_forest_lined_2,
          infiniplex_forest_pool, infiniplex_forest_straight_1,
          infiniplex_forest_straight_4, infiniplex_forest_clump_long,
          infiniplex_forest_clump_diagonal
D:2:      lemuel_crystal_altar, hangedman_decor_peaks_small
D:3:      first_bread, uniq_sigmund

Skill      XL: |  1 |
---------------+----+-----
Axes           | 3 |  3.3
Fighting       | |  3.0
Armour         | |  1.7
Dodging        | |  1.7

Action                   || total
-------------------------++-------
Melee: Hand axe          ||    34
Invok: Berserk           ||     1
Armor: Animal skin       ||     3
Dodge: Dodged            ||    41
